AoeStats
← AOKI_GworK

Pilgrims

510159663Analyzed
4v4 RM · 1d ago on Sep 29, 2026· 37m 27s· 8 players
Game mode
Random Map
Map size
Large (8 player)
Population
200
Speed
Normal
Resources
Standard
Victory
Conquest
Starting age
Dark Age
Ending age
Imperial Age
RankedLock teamsTeams togetherTeam positionsShared explorationLock speedFull tech treeHidden civsTurbo modeCheats
Victory
Defeat
🇫🇷 Ethiopians · France
1826
+15
🇫🇷 Hindustanis · France
1814
+15
🇫🇷 Teutons · France
1722
+19
🇫🇷 Burgundians · France
1690
+20
🇦🇹 Turks · Austria
1870
-20
🇩🇪 Saracens · Germany
1804
-18
🇨🇭 Jurchens · Switzerland
1794
-17
🇨🇳 Inca · China
1710
-14
AOKI_Nyusika
7:52 Loom
11:22 Feudal Age
14:49 Castle Age
13:16 Double-Bit Axe
13:49 Fletching
15:30 Bodkin Arrow
14:55 Crossbowman
15:06 Crossbowman
16:00 Bow Saw
15:43 Gold Mining
17:45 Horse Collar
23:57 Heavy Plow
24:39 Stone Mining
32:46 Imperial Age
31:20 Ballistics
33:33 Bracer
36:00 Chemistry
36:42 Wheelbarrow
36:24 Padded Archer Armor
36:16 Arbalester
37:46 Scale Mail Armor
37:56 Forging
AOKI_Thanouille
2:46 Loom
9:52 Feudal Age
10:25 Double-Bit Axe
10:54 Town Watch
15:15 Castle Age
13:57 Gold Mining
15:31 Scale Mail Armor
16:59 Bow Saw
16:45 Horse Collar
18:24 Heavy Plow
24:54 Wheelbarrow
30:07 Imperial Age
33:18 Two-Man Saw
34:17 Hand Cart
AOKI_GworK
8:35 Loom
10:45 Feudal Age
11:42 Double-Bit Axe
14:26 Fletching
17:09 Castle Age
18:03 Bodkin Arrow
18:42 Medium Warships
18:56 Bow Saw
20:02 Horse Collar
21:11 Wheelbarrow
20:21 Town Watch
25:26 Hand Cart
25:13 Heavy Plow
25:18 Fishing Lines
28:47 Scale Barding Armor
31:24 Imperial Age
29:22 Forging
30:10 Bloodlines
30:21 Chain Barding Armor
31:19 Iron Casting
30:50 Gold Mining
30:50 Stone Mining
31:29 Cavalier
32:45 Plate Barding Armor
34:00 Blast Furnace
34:40 Two-Man Saw
34:32 Conscription
36:35 Paladin
AOKI_Yo
3:37 Loom
7:27 Double-Bit Axe
9:52 Fishing Lines
13:26 Feudal Age
14:54 Bow Saw
17:17 Castle Age
15:08 Horse Collar
16:14 Fletching
18:00 Bodkin Arrow
18:53 Medium Warships
20:24 Gillnets
23:36 Gold Mining
25:09 Ballistics
27:42 Wheelbarrow
27:23 Stone Mining
31:28 Imperial Age
32:00 Hand Cart
34:25 Masonry
37:44 Scale Barding Armor
38:39 Stone Shaft Mining
Envetel
9:20 Loom
11:29 Feudal Age
12:17 Town Watch
12:21 Double-Bit Axe
15:04 Castle Age
13:29 Fletching
13:32 Fishing Lines
16:00 Medium Warships
15:24 Crossbowman
16:14 Bodkin Arrow
17:32 Padded Archer Armor
18:15 Wheelbarrow
17:36 Gillnets
20:30 Bow Saw
21:58 Clinker Construction
22:23 Ballistics
28:34 Imperial Age
27:36 Scale Mail Armor
27:49 Horse Collar
29:45 Heavy Warships
29:47 Careening
31:46 Bracer
31:22 Elite Skirmisher
33:33 Conscription
33:53 Block Printing
34:04 Heavy Plow
34:13 Caravan
34:48 Forging
36:59 Chain Mail Armor
37:19 Iron Casting
38:07 Chemistry
Niroxs
12:03 Feudal Age
15:38 Castle Age
13:41 Double-Bit Axe
16:43 Fletching
18:20 Scale Barding Armor
30:41 Bodkin Arrow
Oni.FreakinAndy
8:07 Loom
10:29 Feudal Age
11:04 Double-Bit Axe
12:06 Forging
15:05 Fishing Lines
24:13 Castle Age
22:34 Gold Mining
25:08 Medium Warships
25:37 Iron Casting
25:19 Bow Saw
26:08 Clinker Construction
25:56 Gillnets
31:50 Caravan
leogrampy
5:19 Loom
14:53 Feudal Age
21:40 Castle Age
19:49 Double-Bit Axe
22:06 Town Watch
27:18 Ballistics
Connection lost

Rejoining the realm…

Still unreachable

The connection could not be restored.

Session expired

The server has moved on; the page needs a fresh start.